 Dungeon Crawl Stone Soup version 0.19-a0-958-gd69d43c (webtiles) character file.

18 4thArraOfDagon the Shield-Bearer (level 2, 0/24 HPs)
             Began as a Formicid Fighter on July 11, 2016.
             Hit by a javelin of returning thrown by Urug (13 damage)
             ... on level 10 of the Dungeon.
             The game lasted 00:02:44 (388 turns).

4thArraOfDagon the Shield-Bearer (Formicid Fighter)  Turns: 388, Time: 00:02:45

Health: 0/24       AC:  7    Str: 20    XL:     2   Next: 90%
Magic:  2/2        EV:  7    Int:  7    God:
Gold:   58         SH:  9    Dex: 10    Spells: 0 memorised, 1 level left

rFire  . . .     SeeInvis +     g - -2 long sword (curse)
rCold  . . .     Gourm    .     b - +0 scale mail
rNeg   . . .     Faith    .     c - +0 shield
rPois  .         Spirit   .     (helmet unavailable)
rElec  .         Dismiss  .     (no cloak)
rCorr  .         Reflect  .     (no gloves)
SustAt .         Harm     .     (no boots)
MR     .....                    (no amulet)
Stlth  ..........               (no ring)
                                (no ring)

@: not resistant to hostile enchantments, extremely unstealthy
A: permanent stasis, dig shafts and tunnels, four strong arms, antennae 3
a: Dig, Shaft Self


You were on level 10 of the Dungeon.
You were hungry.

You visited 1 branch of the dungeon, and saw 8 of its levels.

You collected 58 gold pieces.

Inventory:

Hand Weapons
 a - a +0 war axe
 g - a cursed -2 long sword (weapon)
Armour
 b - a +0 scale mail (worn)
 c - a +0 shield (worn)
Scrolls
 h - a scroll of identify {unknown}
Potions
 d - a potion of might
 e - a potion of curing
Comestibles
 f - 2 bread rations


   Skills:
 + Level 3.4 Fighting
 * Level 2.3 Axes
 + Level 3.7 Armour
 + Level 3.9 Shields


You had one spell level left.
You didn't know any spells.

Dungeon Overview and Level Annotations

Branches:
Dungeon (10/15)
 Temple: D:4-7         Lair: D:8-11         Orc: D:9-12

Altars:
Dithmenos
Elyvilon
Gozag
Qazlal
Xom

Annotations:
D:3 Fenrir042's ghost, amateur HOMo
D:10 Urug


Innate Abilities, Weirdness & Mutations

You are under a permanent stasis effect.
You can dig through walls and to a lower floor.
Your four strong arms can wield two-handed weapons with a shield.
You have a pair of large antennae on your head. (SInv)


Message History

The javelin of returning barely misses you.
The weapon returns to Urug!
Unknown command.
The giant frog skeleton barely misses you.
Urug throws a javelin of returning.
The javelin of returning hits you!
* * * LOW HITPOINT WARNING * * *
The weapon returns to Urug!
Unknown command.
Unknown command.
You feel better.
The giant frog skeleton closely misses you.
You riposte.
Your shield and scale mail prevent you from hitting the giant frog skeleton.
Urug throws a javelin of returning.
You block the javelin of returning.
The weapon returns to Urug!
Unknown command.
You block the giant frog skeleton's attack.
Urug throws a javelin of returning.
The javelin of returning hits you!
Ouch! That really hurt!
You die...

####...#############
.....................
.............<.......
#....................
#....................
#.....(..............
#....................
#.o......Z...........
...>.....@......>....
#####################


You could see Urug and a giant frog skeleton.

Vanquished Creatures
  An ooze (D:3)
  2 giant geckos
  3 orcs (D:3)
  A giant cockroach (D:5)
  A hobgoblin (D:3)
  A giant newt (D:4)
9 creatures vanquished.

Notes
Turn   | Place    | Note
-------+----------+-------------------------------------------
     0 | D:1      | 4thArraOfDagon the Formicid Fighter began the quest for the Orb.
     0 | D:1      | Reached XP level 1. HP: 18/18 MP: 1/1
     9 | D:1      | You fall through a shaft!
    36 | D:3      | Reached XP level 2. HP: 12/24 MP: 2/2
    43 | D:3      | You fall through a shaft!
   151 | D:3      | Noticed Fenrir042's ghost (amateur HOMo)
   193 | D:5      | Entered Level 5 of the Dungeon
   260 | D:5      | Noticed a centaur
   268 | D:5      | You fall through a shaft for 3 floors!
   274 | D:8      | Found a stormy altar of Qazlal.
   277 | D:8      | Found a shadowy altar of Dithmenos.
   277 | D:8      | Found an opulent altar of Gozag.
   277 | D:8      | Found a white marble altar of Elyvilon.
   308 | D:8      | Found a shimmering altar of Xom.
   320 | D:8      | Noticed an ogre
   337 | D:8      | Noticed a sky beast
   342 | D:8      | Noticed a hippogriff
   354 | D:8      | Noticed a killer bee
   357 | D:8      | You fall through a shaft!
   378 | D:10     | Entered Level 10 of the Dungeon
   383 | D:10     | Noticed Urug
   388 | D:10     | Hit by a javelin of returning thrown by Urug

Vault maps used:
D:1:      evilmike_arrival_sounds_zot, corexii_item_surrounded_by_moat
D:3:      portal_sewer_entry_a
D:4:      fedhas_altar_1
D:5:      nicolae_ossuary_entry_false_entrances, first_bread, uniq_grinder,
          uniq_crazy_yiuf_cottage
D:8:      grunt_temple_overflow_open, basic_altar
D:9:      nicolae_ru_path_of_blood, old_standard_altar, orc_0_dummy, the_bakery,
          hangedman_corner_corridor
D:10:     minmay_shop_grove, erik_lair_island, lemuel_oklob_altar, uniq_harold,
          uniq_urug, uniq_josephine

Action                   || total
-------------------------++-------
Melee: War axe           ||    18
       Long sword        ||    16
 Abil: Shaft Self        ||     4
       Dig               ||     3
  Use: Potion            ||     2
       Scroll            ||     1
Armor: Scale mail        ||    18
Dodge: Dodged            ||    15
Block: Shield            ||    23
